 Dungeon Crawl Stone Soup version 0.28-a0-1312-g71652a0310 (webtiles) character file.

Game seed: 6247238326686413209

382 Zonian the Ducker (level 7, -1/45 HPs)
             Began as a Djinni Ice Elementalist on Dec 28, 2021.
             Slain by a gnoll (13 damage)
             ... on level 4 of the Dungeon.
             The game lasted 00:11:01 (6926 turns).

Zonian the Ducker (Djinni Ice Elementalist)         Turns: 6926, Time: 00:11:04

Health: -1/45      AC:  7    Str:  7    XL:     7   Next: 5%
Gold:   96         EV:  7    Int: 25    God:
                   SH:  0    Dex: 13

rFire   + + .      SeeInvis .   e - +0 short sword
rCold   x . .      Faith    .   (no shield)
rNeg    . . .      Spirit   .   a - +0 robe
rPois   ∞          Reflect  .   (no helmet)
rElec   .          Harm     .   j - +0 cloak
rCorr   .          Rampage  .   (no gloves)
Will    .....                   (boots unavailable)
Stlth   +.........              (no amulet)
HPRegen 0.15/turn               g - +6 ring of intelligence
MPRegen 0.00/turn               i - +4 ring of protection

@: lit by a corona, flying, held, glowing
A: sickness immunity, fire resistance 2, cold vulnerability 1, float, innate
caster, hp casting, extra vitality 1
a: no special abilities


You were on level 4 of the Dungeon.
You visited 1 branch of the dungeon, and saw 4 of its levels.

You collected 96 gold pieces.

Inventory:

Hand Weapons
 d - a +1 hunting sling
 e - a +0 short sword (weapon)
Missiles
 f - 68 stones
 k - 5 boomerangs
Armour
 a - a +0 robe (worn)
 j - a +0 cloak (worn)
Jewellery
 c - a +6 ring of intelligence
 g - a +6 ring of intelligence (left hand)
 i - a +4 ring of protection (right hand)
Wands
 b - a wand of flame (10)
Scrolls
 l - 2 scrolls of teleportation
Potions
 n - a potion of curing


   Skills:
 + Level 4.7 Dodging
 + Level 3.7 Stealth
 + Level 4.4 Spellcasting


You couldn't memorise any spells.
You knew the following spells:

 Your Spells              Type           Power      Damage    Failure   Level
a - Freeze                Ice            100%       1d11      1%          1
b - Frozen Ramparts       Ice            54%        1d7       4%          3
c - Ozocubu's Armour      Ice            27%        N/A       4%          3
d - Hailstorm             Conj/Ice       27%        3d7       14%         4
e - Magic Dart            Conj           100%       1d8       1%          1
f - Static Discharge      Conj/Air       27%        N/A       2%          2
g - Poisonous Vapours     Pois/Air       54%        N/A       2%          2
Your spell library was empty.

Dungeon Overview and Level Annotations

Branches:
Dungeon (4/15)             Temple (0/1) D:4

Altars:
Cheibriados
Gozag

Annotations:
D:2 1 runed translucent door, Crazy Yiuf
D:4 Eustachio


Innate Abilities, Weirdness & Mutations

You are immune to sickness and miasma.
You are immune to poison.
Your flesh is very heat resistant. (rF++)
You are vulnerable to cold. (rC-)
You float through the air rather than walking.
You learn spells naturally, not from books.
Your magical power is your life essence.
You have superior vitality. (+4 MHP)


Message History

* * * LOW HITPOINT WARNING * * *
The gnoll is struck by an arc of lightning.
The gnoll is severely wounded.
The lightning grounds out.
The gnoll is struck by an arc of lightning.
You kill the gnoll!
The gnoll is struck by an arc of lightning!
You kill the gnoll!
The lightning grounds out.
Ijyb is struck by an arc of lightning!
Ijyb is severely wounded.
You are struck by an arc of lightning.
* * * LOW HITPOINT WARNING * * *
The lightning grounds out.
* * * LOW HITPOINT WARNING * * *
Ijyb zaps a wand.
The puff of flame hits you. You resist.
* * * LOW HITPOINT WARNING * * *
The gnoll closely misses you.
The gnoll shaman calls upon its god to speed up the gnoll.
The gnoll seems to speed up.
You have reached level 7!
The power to cast Poisonous Vapours wells up from within.
Spell assigned to 'g'.
It was a potion of curing.
You feel better. The gnoll closely misses you.
Ijyb hits you but does no damage.
The gnoll shaman calls upon its god to heal the gnoll.
The gnoll is healed somewhat.
Casting: Static Discharge (safe; 2% risk of failure)
Confirm with . or Enter, or press ? or * to list all spells.
The gnoll shaman is struck by an arc of lightning.
You kill the gnoll shaman!
The gnoll is struck by an arc of lightning.
The gnoll is severely wounded.
The lightning grounds out.
Ijyb is struck by an arc of lightning!
You kill Ijyb!
You are struck by an arc of lightning.
* * * LOW HITPOINT WARNING * * *
The lightning grounds out.
* * * LOW HITPOINT WARNING * * *
The gnoll hits you from afar with a +0 halberd!
You die...

... ### # #.# #
#.# ####. ..#
....)##.#### #
#.....#....##.#
#......g......#
#.....)........
#...)@.......
#....))..#...
##.##.....# #
#........
#..#.#...
...... .. #.#.
.. . ..#..#.#


You could see a gnoll (fast).

Vanquished Creatures
  Sigmund (D:2)
  A wyvern zombie (D:4)
  A hound (D:3)
  A gnoll shaman (D:4)
  Jessica (D:3)
  Ijyb (D:4)
  A mummy (D:4)
  Robin (D:3)
  2 gnolls (D:4)
  2 adders
  2 worms (D:2)
  3 endoplasms
  3 giant cockroaches
  6 goblins
  11 hobgoblins
  2 quokkas (D:1)
  4 ball pythons
  4 bats
  3 kobolds
  4 rats
54 creatures vanquished.

Vanquished Creatures (others)
  42 plants (D:1)
42 creatures vanquished.

Grand Total: 96 creatures vanquished

Notes
Turn   | Place    | Note
-------+----------+-------------------------------------------
     0 | D:1      | Zonian the Djinni Ice Elementalist began the quest for the
                  | Orb.
     0 | D:1      | Reached XP level 1. HP: 15/15 MP: 0/0
   287 | D:1      | Found a faded altar of an unknown god.
   359 | D:1      | Reached XP level 2. HP: 6/21 MP: 0/0
  2536 | D:2      | Reached XP level 3. HP: 19/25 MP: 0/0
  2536 | D:2      | Learned a level 1 spell: Magic Dart
  2739 | D:2      | Found an opulent altar of Gozag.
  2799 | D:2      | Noticed Sigmund
  3069 | D:2      | Killed Sigmund
  3070 | D:2      | Reached XP level 4. HP: 31/31 MP: 0/0
  3070 | D:2      | Reached XP level 5. HP: 35/35 MP: 0/0
  3070 | D:2      | Learned a level 2 spell: Static Discharge
  3517 | D:2      | Found a runed translucent door.
  3518 | D:2      | Noticed Crazy Yiuf
  3828 | D:2      | Reached XP level 6. HP: 38/40 MP: 0/0
  4644 | D:3      | Noticed Jessica
  4649 | D:3      | Killed Jessica
  4929 | D:3      | Noticed Robin
  5623 | D:3      | Killed Robin
  5998 | D:4      | Found a snail-covered altar of Cheibriados.
  6746 | D:4      | Found a staircase to the Ecumenical Temple.
  6746 | D:4      | Noticed Eustachio
  6918 | D:4      | Noticed Ijyb
  6925 | D:4      | Reached XP level 7. HP: 9/45 MP: 0/0
  6925 | D:4      | Learned a level 2 spell: Poisonous Vapours
  6926 | D:4      | Killed Ijyb
  6926 | D:4      | Slain by a gnoll

Illustrated notes

Levels and vault maps discovered:
D:1:      dpeg_arrival_concentric_ovals, layout_loops_ring, serial_bayou,
          serial_bayou_pond_c, serial_bayou_lagoon_a, serial_bayou_pond_e,
          serial_bayou_pond_c, hellmonk_ecumenical_altar_prayer_group,
          st_stairs_14, lemuel_flame_loot_1
D:2:      layout_loops_ring, basic_altar, kennysheep_generic_room_2,
          uniq_crazy_yiuf_cottage, uniq_sigmund
D:3:      layout_rooms, uniq_robin, uniq_jessica
D:4:      layout_basic, slow_altar_1, eat_drink_and_be_merry_uskayaw,
          minmay_temple_entry_antechambers, uniq_blork_the_orc, uniq_eustachio,
          uniq_grinder, uniq_ijyb

Skill      XL: |  1  2  3  4  5 |
---------------+----------------+-----
Stealth        | 2 3 |  3.7
Dodging        | 3 4 |  4.7
Spellcasting   | 4 |  4.4

Action                   |  1- 3 |  4- 6 |  7- 9 || total
-------------------------+-------+-------+-------++-------
Melee: Unarmed           |     5 |       |       ||     5
 Fire: Hunting sling     |       |    75 |       ||    75
 Cast: Freeze            |    37 |    15 |       ||    52
       Frozen Ramparts   |     1 |     3 |       ||     4
       Static Discharge  |       |     9 |     1 ||    10
Evoke: Wand              |       |     2 |       ||     2
  Use: Scroll            |     2 |     3 |       ||     5
       Potion            |     1 |       |     1 ||     2
Armor: Robe              |     6 |    10 |     1 ||    17
       Skin              |     5 |       |       ||     5
Dodge: Dodged            |    34 |    26 |     1 ||    61

Table legend: (Time is in decaauts)
 A = Elapsed time spent in this place.
 B = Non-inter-level travel time spent in this place.
 C = Inter-level travel time spent in this place.
 D = Time resting spent in this place.
 E = Time spent auto-exploring this place.
 F = Levels seen in this place.
 G = Mean time per level.
                   A        B        C        D        E       F      G
               +--------+--------+--------+--------+--------+-----+--------+
         Total |   6942 |   6828 |    114 |   4284 |   1847 |   4 | 1735.5 |
       Dungeon |   6942 |   6828 |    114 |   4284 |   1847 |   4 | 1735.5 |
               +--------+--------+--------+--------+--------+-----+--------+

Top non-repeatable levels by time:
     D:1: 2688 daAuts
     D:2: 1893 daAuts
     D:3: 1847 daAuts
     D:4: 513 daAuts
